 Dungeon Crawl Stone Soup version 0.31-a0-435-g2c6fae2916 (webtiles) character file.

Game seed: 1680787514235280930

175 Ethylacetat the Insei (level 5, -2/29 HPs)
             Began as a Vine Stalker Monk on Aug 1, 2023.
             Was a Priest of Cheibriados.
             Slain by a gnoll
             ... wielding a +0 spear
              (5 damage)
             ... on level 4 of the Dungeon.
             The game lasted 00:04:43 (1981 turns).

Ethylacetat the Insei (Vine Stalker Monk)           Turns: 1981, Time: 00:04:45

Health: -2/29      AC:  6    Str: 21    XL:     5   Next: 55%
Magic:  0/6        EV: 17    Int: 18    God:    Cheibriados [***...]
Gold:   158        SH:  0    Dex: 27    Spells: 4/4 levels left

rFire   + .          .
                       - Unarmed
rCold   . . .        c - orb {light}
rNeg    . . .        r - +0 scale mail
rPois   .            (no helmet)
rElec   .            (no cloak)
rCorr   .            (no gloves)
SInv    .            (no boots)
Will    .....        (no amulet)
Stlth   +            q - +5 ring of evasion
HPRegen 1.04/turn    d - ring of protection from fire
MPRegen 0.10/turn

%: guardian spirit
@: glowing, very slow
A: fangs 2, regeneration 1, magic shield, antimagic bite, no potion heal 2
a: Renounce Religion, Bend Time, Temporal Distortion


You were on level 4 of the Dungeon.
You worshipped Cheibriados.
Cheibriados was most pleased with you.
You visited 1 branch of the dungeon, and saw 4 of its levels.

You collected 158 gold pieces.

Inventory:

Missiles
 m - 2 throwing nets
Armour
 c - an orb of light (worn)
 r - a +0 scale mail (worn)
Jewellery
 d - a ring of protection from fire (right hand)
 q - a +5 ring of evasion (left hand)
Wands
 p - a wand of light (9)
Scrolls
 e - 2 scrolls of vulnerability {unknown}
 f - a scroll of fear {unknown}
 g - 2 scrolls of poison {unknown}
 h - a scroll of immolation {unknown}
 j - 4 scrolls of summoning {unknown}
 k - 3 scrolls of teleportation {unknown}
 l - a scroll of amnesia {unknown}
 n - 2 scrolls of identify {unknown}
 o - a scroll of acquirement {unknown}
Potions
 b - a potion of ambrosia
 i - 2 potions of brilliance {unknown}


   Skills:
 + Level 3.9 Fighting
 + Level 3.4 Dodging
 + Level 4.2 Unarmed Combat


You had 4 spell levels left.
You didn't know any spells.
Your spell library contained the following spells:

 Spells                   Type           Power      Damage    Failure   Level
 Portal Projectile        Hex/Tloc       0%         N/A       88%         3
 Tukima's Dance           Hex            0%         N/A       88%         3
 Iskenderun's Mystic Bla  Conj/Tloc      0%         2d3       99%         4


Dungeon Overview and Level Annotations

Branches:
Dungeon (4/15)
 Temple: D:4-7

Altars:
Cheibriados
Fedhas
Okawaru


Innate Abilities, Weirdness & Mutations

You have extremely sharp teeth.
Your natural rate of healing is unusually fast.
When hurt, damage is shared between your health and your magic reserves.
Your bite disrupts and absorbs the magic of your enemies.
Potions cannot restore your health.


Message History

The gnoll hits you with a +0 whip.
Unknown command.
The ball python hisses angrily.
You hit the gnoll.
You kill the gnoll!
Cheibriados thoroughly appreciates the change of pace.
Cheibriados raises the support of your attributes as your movement slows.
The adder closely misses you. The gnoll hits you with a +0 club.
The gnoll closely misses you. The gnoll completely misses you.
The adder misses you.
Okay, then.
You punch the gnoll!
The gnoll is severely wounded.
The gnoll hits you but does no damage. The gnoll hits you with a +0 whip.
The gnoll misses you. The adder barely misses you.
The ball python bites you but does no damage.
The ball python completely misses you.
You hit the gnoll.
You kill the gnoll!
Cheibriados appreciates the change of pace.
The adder misses you. The gnoll completely misses you.
The gnoll closely misses you. The ball python completely misses you.
The ball python grabs you. The ball python constricts you.
You hit the gnoll. You bite the gnoll, but do no damage.
The gnoll is moderately wounded.
The adder misses you. The ball python closely misses you.
The ball python constricts you. The gnoll hits you with a +0 whip!
The gnoll hits you from afar with a +0 spear.
You escape the ball python's grasp.
Found a puce potion and 12 gold pieces.
The gnoll hits you with a +0 spear.
* * * LOW HITPOINT WARNING * * *
The gnoll barely misses you. The ball python misses you.
The ball python completely misses you. The adder barely misses you.
You hit the gnoll.
The gnoll is lightly wounded.
The adder misses you. The ball python misses you.
The ball python completely misses you. The gnoll hits you with a +0 whip.
* * * LOW HITPOINT WARNING * * *
The gnoll hits you with a +0 spear.
You die...

##...#..## #.........
#......... ####.........
##### #.#..........
##...####.....(......
.###....................
!.......g..####.##......
#.....g@S..# #####.....
.......)S..# .........
##....##....# )#.#.....
...... .....# # #.###.
..... ........ #..##..
#.##$#..)...... ####...
# # ##.......## #....
#.......##.#....._ .
#..##....


You could see 2 gnolls, an adder and a ball python.

Vanquished Creatures
  A hound (D:4)
  Jessica (D:3)
  An orc wizard (D:3)
  3 adders
  2 gnolls (D:4)
  A dart slug (D:4)
  4 orcs (D:3)
  6 bats
  6 endoplasms
  A goblin (D:1)
  8 hobgoblins
  A kobold (D:2)
  A quokka (D:1)
  6 ball pythons
  2 frilled lizards
  3 rats
47 creatures vanquished.

Notes
Turn   | Place    | Note
-------+----------+-------------------------------------------
     0 | D:1      | Ethylacetat the Vine Stalker Monk began the quest for the
                  | Orb.
     0 | D:1      | Reached XP level 1. HP: 11/11 MP: 2/2
   158 | D:1      | Reached XP level 2. HP: 11/16 MP: 1/3
   374 | D:1      | You fall into a shaft and drop 1 floor!
   500 | D:2      | Reached XP level 3. HP: 15/20 MP: 0/4
   615 | D:2      | Found a faded altar of an unknown god.
   701 | D:2      | Prayed at the altar of an unknown god.
   701 | D:2      | Became a worshipper of Cheibriados the Contemplative
   701 | D:2      | Reached * piety under Cheibriados
   701 | D:2      | Reached ** piety under Cheibriados
  1252 | D:3      | Reached *** piety under Cheibriados
  1334 | D:3      | Gained mutation: Your natural rate of healing is unusually
                  | fast. [Vine Stalker growth]
  1334 | D:3      | Reached XP level 4. HP: 24/24 MP: 5/5
  1399 | D:3      | Noticed Jessica
  1410 | D:3      | Killed Jessica
  1475 | D:3      | Found a blossoming altar of Fedhas.
  1814 | D:4      | Reached skill level 4 in Unarmed Combat
  1814 | D:4      | Reached XP level 5. HP: 29/29 MP: 6/6
  1913 | D:4      | Found an iron altar of Okawaru.
  1981 | D:4      | Slain by a gnoll

Illustrated notes

Levels and vault maps discovered:
D:1:      erik_arrival_triangle_medium, layout_rooms
D:2:      layout_basic, serial_forest, infiniplex_forest_straight_2,
          infiniplex_forest_straight_4, infiniplex_forest_clump_double,
          infiniplex_forest_lined_room_2, infiniplex_forest_zigzag_2,
          infiniplex_forest_straight_3, infiniplex_forest_lined_room_3,
          infiniplex_forest_lined_3, nicolae_ecumenical_pavilion
D:3:      layout_loops_corners, mainiacjoe_overflow_alcove_2, uniq_jessica
D:4:      layout_cave_pools, lemuel_round_altar

Skill      XL: |  1  2  3  4 |
---------------+-------------+-----
Fighting       | 3 |  3.9
Dodging        | 3 |  3.4
Unarmed Combat | 4 |  4.2

Action                     |  1- 3 |  4- 6 || total
---------------------------+-------+-------++-------
  Melee: Unarmed           |    84 |    47 ||   131
         Bite              |    29 |    13 ||    42
   Stab: Sleeping          |       |     1 ||     1
 Armour: Robe              |    10 |     1 ||    11
         Scale mail        |       |     2 ||     2
  Dodge: Dodged            |    60 |    47 ||   107

Table legend: (Time is in decaauts)
 A = Elapsed time spent in this place.
 B = Non-inter-level travel time spent in this place.
 C = Inter-level travel time spent in this place.
 D = Time resting spent in this place.
 E = Time spent auto-exploring this place.
 F = Levels seen in this place.
 G = Mean time per level.
                   A        B        C        D        E       F      G
               +--------+--------+--------+--------+--------+-----+--------+
         Total |   2624 |   2533 |     91 |     47 |   2102 |   4 |  656.0 |
       Dungeon |   2624 |   2533 |     91 |     47 |   2102 |   4 |  656.0 |
               +--------+--------+--------+--------+--------+-----+--------+

Top non-repeatable levels by time:
     D:3: 1416 daAuts
     D:2: 541 daAuts
     D:1: 428 daAuts
     D:4: 238 daAuts
